 Dungeon Sprint DCSS version 0.27-a0-1245-g940ed4fa31 (webtiles) character file.

Game seed: 14650295519098689924

7 mhtbhm the Scratcher (level 1, 0/13 HPs)
             Began as a Felid Transmuter on June 9, 2021.
             Succumbed to a scorpion's poison
             ... in the Dungeon (Sprint IX: "|||||||||||||||||||||||||||||").
             The game lasted 00:00:11 (46 turns).

mhtbhm the Scratcher (Felid Transmuter)               Turns: 46, Time: 00:00:12

Health: 0/13       AC:  1    Str:  6    XL:     1   Next: 91%
Magic:  4/5        EV: 18    Int: 14    God:
Gold:   0          SH:  0    Dex: 16    Spells: 4/5 levels left
                                        Lives:  0   Deaths: 0

rFire    . . .     SeeInvis +     - Unarmed
rCold    . . .     Faith    .   (shield unavailable)
rNeg     . . .     Spirit   .   (armour unavailable)
rPois    .         Reflect  .   (helmet unavailable)
rElec    .         Harm     .   (cloak unavailable)
rCorr    .         Rampage  .   (gloves unavailable)
Will     .....     NoTele   +   (boots unavailable)
Stlth    ..........             (no amulet)
HPRegen  0.04/turn              (no ring)
MPRegen  0.09/turn              (no ring)

@: berserking, lethally poisoned (0 -> -11), appendages (expiring), very quick
A: horns 2, very small, claws 1, fangs 3, see invisible, speed 1, shaggy fur 1,
stealthy paws, no weapons or thrown items, no armour, multi-lived
a: End Transformation


You were in the Dungeon.
You had temporarily grown beastly horns.
You visited 1 branch

Inventory:

Scrolls
 g - a scroll of blinking
Potions
 b - a potion of curing
 c - a potion of heal wounds
 d - a potion of haste
 e - 2 potions of magic


   Skills:
 + Level 1.0 Fighting
 + Level 3.2 Dodging
 + Level 4.1 Unarmed Combat
 + Level 2.5 Spellcasting
 + Level 2.6 Transmutations


You had 4 spell levels left.
You knew the following spells:

 Your Spells              Type           Power      Damage    Failure   Level
a - Beastly Appendage     Tmut           18%        N/A       8%          1

Your spell library contained the following spells:

 Spells                   Type           Power      Damage    Failure   Level
 Wereblood                Tmut           9%         N/A       12%         2
 Spider Form              Tmut/Pois      2%         N/A       36%         3
 Ice Form                 Ice/Tmut       5%         N/A       78%         4


Dungeon Overview and Level Annotations

Branches:
Dungeon (1/1)

Altars:


Innate Abilities, Weirdness & Mutations

You have temporarily grown beastly horns.
You have sharp claws.
You have razor-sharp teeth.
You have supernaturally acute eyesight. (SInv)
You cover ground quickly. (Speed+)
You are covered in fur. (AC +1)
Your paws help you pounce on unaware monsters.
You are incapable of wielding weapons or throwing items.
You cannot wear armour.
You gain extra lives every three experience levels.


Message History

You start resting.
HP restored.
Okay, then.
Casting: Beastly Appendage (safe; 8% risk of failure)
Confirm with . or Enter, or press ? or * to list all spells.
You grow a pair of large bovine horns.
You open the door.
An iguana, a hound, a scorpion, a zombie and a skeleton come into view.
Unknown command.
The hound barks!
The bat skeleton misses you. The bat skeleton barely misses you.
There is an open door here.
You barely miss the bat skeleton. The bat skeleton misses you. x2
A red film seems to cover your vision as you go berserk!
You feel yourself moving faster!
You feel mighty!
You scratch the scorpion.
The scorpion is lightly wounded.
The scorpion misses you.
You scratch the scorpion.
The scorpion is heavily wounded.
The scorpion closely misses you.
Unknown command.
You completely miss the scorpion.
The scorpion is heavily wounded.
Unknown command.
You scratch the scorpion. Your bite misses the scorpion.
The scorpion is heavily wounded.
Your transformation is almost over.
The scorpion stings you!
Ouch! That really hurt!
You are lethally poisoned!
The scorpion poisons you!
Unknown command.
You scratch the scorpion.
The scorpion is almost dead.
* * * LOW HITPOINT WARNING * * *
You feel sick. The scorpion barely misses you.
Unknown command.
You claw the scorpion!
You kill the scorpion!
You die...

▓.▓
▓.▓
▓'▓
▓)▓
▓)▓
▓.▓
▓.▓
▓.▓
▓@▓
▓.▓
▓h▓
▓l▓
▓Z▓
▓Z▓
▓+▓


You could see an iguana, a hound, a quokka zombie and a bat skeleton.

Vanquished Creatures
  A scorpion (D)
  A dart slug (D)
  An endoplasm (D)
  2 goblins (D)
  A ball python (D)
6 creatures vanquished.

Notes
Turn   | Place    | Note
-------+----------+-------------------------------------------
     0 | D        | mhtbhm the Felid Transmuter began the quest for the Orb.
     0 | D        | Reached XP level 1. HP: 9/9 MP: 4/4
    11 | D        | Reached skill level 4 in Unarmed Combat
    27 | D        | Banished a spatial maelstrom
    37 | D        | Noticed a scorpion
    37 | D        | Noticed a hound
    37 | D        | Noticed an iguana
    46 | D        | Killed a scorpion
    46 | D        | Succumbed to a scorpion's poison

Illustrated notes

Levels and vault maps discovered:
D:        linesprint [early_d, line_temple, items_1, d_10, items_2, lair_1,
          lair_end, items_3, orc_1, orc_end, items_4, d_15, swamp_1, shoals_1,
          snake_1, spider_1, d_20, vaults_1, items_5, swamp_end, shoals_end,
          snake_end, spider_end, vaults_end, d_27, items_6, zot_1, zot_end,
          crypt_end, forest_end, elf_end, slime_end, tomb_end, abyss_end,
          pan_hell_end]

Skill      XL: |  1 |
---------------+----+-----
Dodging        | 3 |  3.2
Unarmed Combat | 4 |  4.1
Fighting       | |  1.0
Spellcasting   | |  2.5
Transmutations | |  2.6

Action                   || total
-------------------------++-------
Melee: Unarmed           ||    13
       Headbutt          ||     1
 Cast: Beastly Appendage ||     2
  Use: Potion            ||     1
Dodge: Dodged            ||    12

Table legend: (Time is in decaauts)
 A = Elapsed time spent in this place.
 B = Non-inter-level travel time spent in this place.
 C = Inter-level travel time spent in this place.
 D = Time resting spent in this place.
 E = Time spent auto-exploring this place.
 F = Levels seen in this place.
 G = Mean time per level.
                   A        B        C        D        E       F      G
               +--------+--------+--------+--------+--------+-----+--------+
         Total |     41 |     41 |      0 |     18 |      0 |   1 |   41.0 |
       Dungeon |     41 |     41 |      0 |     18 |      0 |   1 |   41.0 |
               +--------+--------+--------+--------+--------+-----+--------+

Top non-repeatable levels by time:
       D: 41 daAuts
